 Dungeon Crawl Stone Soup version 0.26.1-11-gd32895ea62 (webtiles) character file.

Game seed: 13762959392190628745

67055 Bliebski the Martial Artist (level 15, -6/124 HPs)
             Began as an Octopode Transmuter on May 5, 2021.
             Was an Initiate of Gozag.
             Splashed by an oklob plant's acid (14 damage)
             ... on level 5 of the Lair of Beasts on July 6, 2021.
             The game lasted 01:49:35 (25053 turns).

Bliebski the Martial Artist (Octopode Transmuter)  Turns: 25053, Time: 01:49:35

Health: -6/124     AC: 13    Str: 16    XL:     15   Next: 21%
Magic:  24/26      EV: 25    Int: 19    God:    Gozag
Gold:   2025       SH: 15    Dex: 33    Spells: 5/29 levels left

rFire    . . .     SeeInvis +     - Unarmed
rCold    + . .     Faith    .   B - +1 kite shield
rNeg     + . .     Spirit   .   T - +1 hat {SInv}
rPois    ∞         Reflect  .   X - amulet of regeneration
rElec    +         Harm     .   f - +4 ring of protection
rCorr    .         Rampage  .   n - ring of poison resistance
Will     +....                  y - ring of the Turtledove {AC+4 Dex+8 Slay+5}
Stlth    +++.......             U - +6 ring of strength
HPRegen  0.70/turn              H - +6 ring of dexterity
MPRegen  0.20/turn              V - +6 ring of intelligence
                                D - ring of protection from cold
                                h - ring of wizardry

@: statue-form, corroded, gold aura, very slow
A: almost no armour, stealthy swim, amphibious, 8 rings, constrict 8, camouflage
1, dopey 1, frail 1, screaming 1
a: End Transformation, Renounce Religion, Potion Petition, Call Merchant, Bribe
Branch


You were on level 5 of the Lair of Beasts.
You worshipped Gozag.
Gozag was most pleased with you.
You were a stone statue.
You visited 4 branches of the dungeon, and saw 19 of its levels.
You also visited: Ice Cave and Volcano.

You collected 6187 gold pieces.
You spent 1771 gold pieces at shops.
You paid 2391 gold pieces to Gozag.

Inventory:

Hand Weapons
 j - a +1 dagger of flaming
 t - the +1 war axe of Gugo {drain, rElec rN+ Dex+4 Stlth+}
   (You found it on level 4 of the Lair of Beasts)

   A truly terrible weapon, it drains the life of those it strikes.
   It affects your dexterity (+4).
   It insulates you from electricity.
   It protects you from negative energy.
   It makes you more stealthy.
 u - a +1 whip of electrocution
Armour
 B - a +1 kite shield (worn)
 S - the +0 hat of Paranoia {-Tele rF- Str+6 Int+3}
   (You found it on level 10 of the Dungeon)

   It affects your strength (+6).
   It affects your intelligence (+3).
   It makes you vulnerable to fire.
   It prevents most forms of teleportation.
 T - a +1 hat of see invisible (worn)
Jewellery
 f - a +4 ring of protection (left tentacle)
 h - a ring of wizardry (on tentacle)
 n - a ring of poison resistance (right tentacle)
 y - the ring of the Turtledove (on tentacle) {AC+4 Dex+8 Slay+5}
   (You found it on level 6 of the Dungeon)

   [ring of protection]

   It affects your AC (+4).
   It affects your dexterity (+8).
   It affects your accuracy and damage with ranged weapons and melee attacks
   (+5).
 D - a ring of protection from cold (on tentacle)
 G - an uncursed ring of fire
 H - a +6 ring of dexterity (on tentacle)
 U - a +6 ring of strength (on tentacle)
 V - a +6 ring of intelligence (on tentacle)
 W - an uncursed ring of ice
 X - an amulet of regeneration (around mantle)
 Z - an uncursed amulet of the acrobat
Wands
 s - a wand of flame (78)
 F - a wand of paralysis (6)
 J - a wand of polymorph (52)
 K - a wand of disintegration (22)
 Q - a wand of iceblast (5)
Scrolls
 a - 11 scrolls of identify
 b - 7 scrolls of teleportation
 d - 8 scrolls of remove curse
 i - 2 scrolls of magic mapping
 p - 4 scrolls of fear {unknown}
 q - 4 scrolls of fog {unknown}
 r - 5 scrolls of blinking
 x - 3 scrolls of enchant armour
 z - 8 scrolls of amnesia {unknown}
 I - a scroll of random uselessness {unknown}
 M - a scroll of immolation {unknown}
 O - a scroll of enchant weapon {unknown}
Potions
 c - 4 potions of mutation
 e - 3 potions of resistance
 g - 5 potions of degeneration
 k - 3 potions of haste
 l - 4 potions of lignification
 m - 6 potions of might
 o - 9 potions of heal wounds
 w - 4 potions of brilliance
 A - 2 potions of ambrosia
 C - 3 potions of attraction {unknown}
 E - 2 potions of flight {unknown}
 L - a potion of magic {unknown}
 N - a potion of berserk rage {unknown}
 P - 3 potions of curing


   Skills:
 + Level 11.4 Fighting
 + Level 11.4 Dodging
 + Level 10.4 Shields
 + Level 11.7 Unarmed Combat
 + Level 7.9 Spellcasting
 + Level 11.5 Transmutations
 + Level 5.3 Earth Magic


You had 5 spell levels left.
You knew the following spells:

 Your Spells              Type           Power        Failure   Level
a - Beastly Appendage     Tmut           100%         1%          1
b - Spider Form           Tmut/Pois      14%          1%          3
c - Blink                 Tloc           N/A          11%         2
d - Magic Dart            Conj           28%          7%          1
e - Ice Form              Ice/Tmut       29%          6%          4
f - Dragon Form           Tmut           25%          43%         7
g - Statue Form           Tmut/Erth      26%          32%         6

Your spell library contained the following spells:

 Spells                   Type           Power        Failure   Level
 Wereblood                Tmut           50%          1%          2
 Blade Hands              Tmut           25%          1%          5
 Animate Skeleton         Necr           14%          7%          1
 Freeze                   Ice            28%          7%          1
 Pain                     Necr           28%          7%          1
 Summon Small Mammal      Summ           28%          7%          1
 Call Imp                 Summ           7%           11%         2
 Slow                     Hex            7%           11%         2
 Irradiate                Conj/Tmut      14%          17%         5
 Call Canine Familiar     Summ           7%           21%         3
 Conjure Flame            Conj/Fire      7%           21%         3
 Frozen Ramparts          Ice            14%          21%         3
 Gell's Gravitas          Tloc           3%           21%         3
 Lesser Beckoning         Tloc           3%           21%         3
 Mephitic Cloud           Conj/Pois/Air  7%           21%         3
 Ozocubu's Armour         Ice            7%           21%         3
 Teleport Other           Tloc           7%           21%         3
 Vampiric Draining        Necr           3%           21%         3
 Animate Dead             Necr           3%           52%         4
 Hailstorm                Conj/Ice       7%           52%         4
 Passage of Golubria      Tloc           N/A          52%         4
 Summon Ice Beast         Ice/Summ       7%           52%         4
 Agony                    Necr           7%           86%         5
 Hydra Form               Tmut           25%          9%          6


Dungeon Overview and Level Annotations

Branches:
Dungeon (12/15)            Temple (1/1) D:4            Lair (5/6) D:11
  Swamp (1/4) Lair:3        Snake (0/4) Lair:4        Slime (0/5) Lair:5
    Orc (0/2) D:11          IceCv (visited)         Volcano (visited)

Altars:
Ashenzari
Cheibriados
Fedhas
Gozag
Hepliaklqana
Makhleb
Nemelex Xobeh
Okawaru
Ru
Uskayaw
Wu Jian
Xom
Yredelemnul
Zin
The Shining One

Shops:
D:6 =   D:11 =**(

Annotations:
D:8 exclusion: 2 oklob saplings, Harold
D:11 exclusion: electric eel
Lair:5 exclusion: oklob plant


Innate Abilities, Weirdness & Mutations

You cannot wear most types of armour.
You are very stealthy in the water. (Stealth+)
You are amphibious.
You can wear up to eight rings at the same time.
You can use your tentacles to constrict eight enemies at once.
Your skin changes colour to match your surroundings (Stealth+).
((Your rubbery body absorbs attacks. (AC +1, EV +1)))
You are dopey. (Int -2)
You are frail. (-10% HP)
You occasionally shout uncontrollably at your foes.


Message History

The acid corrodes you!
You are splashed with acid!
* * * LOW HITPOINT WARNING * * *
You feel much better.
You constrict the oklob plant. The oklob plant spits acid at you.
You block the splash of acid. The oklob plant spits acid at you.
You block the splash of acid.
You thrash the oklob plant!!!
You destroy the oklob plant!
The oklob plant spits acid at you. The splash of acid hits you.
* * * LOW HITPOINT WARNING * * *
The acid corrodes you!
You are splashed with acid!
* * * LOW HITPOINT WARNING * * *
The oklob plant spits acid at you. The splash of acid hits you!
* * * LOW HITPOINT WARNING * * *
You are splashed with acid!
You die...
Your body crumbles into a pile of gold.

####
#########P#.############
#....#....##.#.##.#..#P.
#.......................
##................######
#P....$$...##P....#♣♣.♣♣
##....>8...##.....#♣...♣
#.....P..###.....#♣♣.♣♣
#........# #.....#♣...♣
#.......## #.....#♣♣.♣♣
#..###### ##....#♣...♣
##.## ##....#.≈≈≈.
#..P#########P....#.≈≈≈.
#...#..#.##.##....#)≈≈≈.
#.................#♣...♣


You could see an oklob plant.

Vanquished Creatures
  Rupert (D:12)
  Kirke (D:12)
  Snorg (D:10)
  Fannar (D:11)
  A boulder beetle (D:12)
  9 hydras
  Erolcha (D:9)
  2 ice dragons (IceCv)
  3 two-headed ogres
  Erica (D:11)
  7 death yaks
  Nergalle (D:10)
  2 unseen horrors
  4 bog bodies (Lair:3)
  Pikel (D:5)
  2 deep elf magi (D:10)
  2 oklob plants (Lair:5)
  A wolf spider (Lair:5)
  2 ugly things (D:12)
  3 cyclopes (D:12)
  6 black mambas
  4 elephants
  2 toenail golems (Volcano)
  2 molten gargoyles (Volcano)
  13 cane toads
  5 rime drakes
  9 komodo dragons
  2 efreet (Volcano)
  2 ice devils
  2 trolls
  9 polar bears
  A hornet (D:8)
  5 blink frogs (Lair:5)
  10 dream sheep
  4 wyverns
  47 yaks
  A basilisk (Lair:4)
  3 hogs (D:12)
  2 steam dragons
  4 fire elementals (Volcano)
  Eustachio (D:6)
  4 nagas (Lair:4)
  A swamp worm (Lair:3)
  15 water moccasins
  8 orc warriors
  A hornet zombie (D:9)
  15 ice beasts
  A swamp drake (D:10)
  3 black bears
  An eye of draining (D:10)
  3 phantoms
  A sky beast (D:7)
  4 ogres
  8 centaurs
  15 wolves
  2 big kobolds (D:10)
  25 bullfrogs
  A gnoll sergeant (D:12)
  2 earth elementals (Volcano)
  A water moccasin zombie (D:9)
  4 scorpions
  13 killer bees
  3 electric eels
  A crimson imp (D:10)
  A bullfrog zombie (D:10)
  2 quasits
  2 hounds
  17 orc wizards
  5 orc priests
  4 jellies
  2 bullfrog skeletons
  An iron imp (D:10)
  Terence (D:2)
  2 iguanas
  9 worker ants
  A hound zombie (D:4)
  A hound skeleton (D:9)
  3 gnolls (D:12)
  A worker ant zombie (D:7)
  27 adders
  2 shadow imps
  2 white imps
  2 ufetubi
  2 adder skeletons
  A worm (D:2)
  A dart slug (D:1)
  3 leopard geckos
  52 orcs
  11 ball pythons
  4 giant cockroaches
  4 goblins
  6 hobgoblins
  9 jackals (D:1)
  15 kobolds
  5 quokkas
  4 bats
  4 frilled lizards
  A goblin skeleton (D:7)
  2 goblin zombies (D:7)
  3 hobgoblin zombies (D:7)
  A kobold zombie (D:7)
  A leopard gecko zombie (D:7)
  An orc skeleton (D:7)
  An orc zombie (D:7)
  9 rats
  A fire vortex (Volcano)
538 creatures vanquished.

Vanquished Creatures (others)
  A dream sheep (Lair:5)
  2 humans (D:12)
  An orc wizard (D:10)
  A gnoll (D:12)
  An orc (D:10)
  4 kobolds (D:10)
  A bush (D:8)
  A fire vortex (Volcano)
  8 fungi
  58 plants
78 creatures vanquished.

Grand Total: 616 creatures vanquished

Notes
Turn   | Place    | Note
-------+----------+-------------------------------------------
     0 | D:1      | Bliebski the Octopode Transmuter began the quest for the
                  | Orb.
     0 | D:1      | Reached XP level 1. HP: 13/13 MP: 3/3
    40 | D:1      | Reached XP level 2. HP: 4/18 MP: 3/5
   763 | D:1      | Reached XP level 3. HP: 21/23 MP: 4/6
   802 | D:1      | Found a snail-covered altar of Cheibriados.
  1149 | D:2      | HP: 1/23 [worm (3)]
  1634 | D:2      | Reached XP level 4. HP: 29/29 MP: 7/7
  1653 | D:2      | Noticed Terence
  1666 | D:2      | Killed Terence
  2165 | D:2      | Reached XP level 5. HP: 25/34 MP: 7/9
  2697 | D:3      | Found a sacrificial altar of Ru.
  3277 | D:4      | Found a staircase to the Ecumenical Temple.
  3288 | Temple   | Entered the Ecumenical Temple
  3331 | Temple   | Became a worshipper of Gozag Ym Sagoz the Greedy
  3454 | D:4      | Reached XP level 6. HP: 40/41 MP: 10/10
  3544 | D:4      | Learned a level 3 spell: Spider Form
  3714 | D:4      | Noticed a phantom
  3778 | D:4      | Killed a phantom
  3779 | D:4      | Reached XP level 7. HP: 8/46 MP: 10/12
  4635 | D:5      | Entered Level 5 of the Dungeon
  5330 | D:5      | Noticed Pikel
  5348 | D:5      | Killed Pikel
  5349 | D:5      | Reached skill level 5 in Unarmed Combat
  5349 | D:5      | Reached XP level 8. HP: 50/54 MP: 10/14
  5537 | D:6      | Found Giginesin's Jewellery Shoppe.
  5549 | D:6      | Got a shimmering long sword
  5550 | D:6      | Identified the +3 long sword "Icweomuu" {vorpal, *Noise
                  | +Fly rN+++ MP+9} (You found it on level 6 of the Dungeon)
  5691 | D:6      | Reached skill level 5 in Dodging
  5691 | D:6      | Reached skill level 5 in Transmutations
  5695 | D:6      | Noticed Eustachio
  5709 | D:6      | Killed Eustachio
  5731 | D:6      | Got a serpentine iron ring
  6334 | D:7      | Reached skill level 5 in Fighting
  6334 | D:7      | Reached skill level 1 in Shields
  6334 | D:7      | Reached XP level 9. HP: 46/61 MP: 15/15
  7288 | D:6      | Identified the ring of the Turtledove {AC+4 Dex+8 Slay+5}
                  | (You found it on level 6 of the Dungeon)
  7526 | D:7      | Found a glowing golden altar of the Shining One.
  8278 | D:6      | Bought a +6 ring of dexterity for 643 gold pieces
  8455 | D:8      | Reached XP level 10. HP: 68/68 MP: 16/16
  8802 | D:8      | Noticed Harold
  9054 | D:8      | Found a blossoming altar of Fedhas.
  9333 | D:8      | Identified the Incunabulum of Nature
 10020 | D:9      | Noticed Erolcha
 10030 | D:9      | Killed Erolcha
 10288 | D:9      | Reached skill level 5 in Shields
 10335 | D:9      | Reached XP level 11. HP: 75/75 MP: 17/17
 10376 | D:9      | Noticed a two-headed ogre
 10382 | D:9      | Killed a two-headed ogre
 10560 | D:10     | Entered Level 10 of the Dungeon
 11160 | D:10     | Noticed Nergalle
 11196 | D:10     | Killed Nergalle
 11568 | D:10     | Noticed a two-headed ogre
 11579 | D:10     | Killed a two-headed ogre
 11703 | D:10     | Noticed a deep elf mage
 11712 | D:10     | Killed a deep elf mage
 11982 | D:10     | Got a shimmering hat
 12002 | D:10     | Identified the cursed +0 hat of Paranoia {-Tele rF- Str+6
                  | Int+3} (You found it on level 10 of the Dungeon)
 12129 | D:6      | Bought a +6 ring of strength for 643 gold pieces
 12133 | D:6      | Learned a level 2 spell: Blink
 12135 | D:6      | Learned a level 1 spell: Magic Dart
 12182 | D:10     | Noticed a deep elf mage
 12193 | D:10     | Killed a deep elf mage
 12345 | D:11     | Found Isytotsi's Weapon Shop.
 12482 | D:11     | Noticed an unseen horror
 12489 | D:11     | Killed an unseen horror
 12740 | D:11     | Reached XP level 12. HP: 84/84 MP: 18/18
 12754 | D:11     | Noticed Erica
 12767 | D:11     | Killed Erica
 12884 | D:11     | Found a staircase to the Lair.
 13009 | D:11     | Noticed Fannar
 13032 | D:11     | Noticed Snorg
 13083 | D:10     | Killed Snorg
 13419 | D:11     | Killed Fannar
 13642 | D:11     | Found a staircase to the Orcish Mines.
 14122 | D:12     | Noticed a boulder beetle
 14139 | D:12     | Killed a boulder beetle
 14490 | D:12     | Noticed a two-headed ogre
 14504 | D:12     | Noticed Kirke
 14552 | D:12     | Killed Kirke
 14553 | D:12     | Reached skill level 10 in Unarmed Combat
 14553 | D:12     | Reached skill level 5 in Spellcasting
 14559 | D:12     | Killed a two-headed ogre
 14630 | D:12     | Noticed Rupert
 14966 | D:12     | Reached XP level 13. HP: 91/91 MP: 20/20
 15073 | D:12     | Killed Rupert
 15074 | D:12     | Reached skill level 10 in Transmutations
 15231 | D:12     | Found a shimmering altar of Xom.
 15267 | D:12     | Reached skill level 10 in Dodging
 15553 | D:11     | Learned a level 4 spell: Ice Form
 15561 | Lair:1   | Entered Level 1 of the Lair of Beasts
 15601 | Lair:1   | Found a frozen archway.
 15849 | IceCv    | Entered an ice cave
 15915 | IceCv    | Reached skill level 10 in Fighting
 16105 | IceCv    | Noticed an ice dragon
 16107 | IceCv    | Noticed an ice dragon
 16142 | IceCv    | Killed an ice dragon
 16156 | IceCv    | Killed an ice dragon
 17081 | Lair:1   | Learned a level 7 spell: Dragon Form
 17088 | Lair:1   | Learned a level 6 spell: Statue Form
 17527 | Lair:1   | Reached skill level 1 in Earth Magic
 18056 | D:11     | Bought a runed copper ring for 125 gold pieces
 18065 | D:11     | Bought an uncursed ring of wizardry for 360 gold pieces
 19247 | Lair:3   | Reached XP level 14. HP: 99/99 MP: 23/23
 20152 | Lair:3   | Found a staircase to the Swamp.
 20560 | Swamp:1  | Entered Level 1 of the Swamp
 20634 | Lair:4   | Found a dark tunnel.
 20641 | Volcano  | Entered a volcano
 21593 | Lair:4   | Found a staircase to the Snake Pit.
 21723 | Lair:4   | Gained mutation: You occasionally shout uncontrollably at
                  | your foes. [mutagenic glow]
 21739 | Lair:4   | Gained mutation: You are frail. (-10% HP) [mutagenic glow]
 21771 | Lair:3   | Gained mutation: You are dopey. (Int -2) [mutagenic glow]
 22268 | Lair:4   | Reached skill level 10 in Shields
 22658 | Lair:4   | Got an encrusted war axe
 22659 | Lair:4   | Identified the +1 war axe of Gugo {drain, rElec rN+ Dex+4
                  | Stlth+} (You found it on level 4 of the Lair of Beasts)
 23202 | Lair:5   | Reached XP level 15. HP: 28/96 MP: 24/26
 23575 | Lair:5   | Reached skill level 5 in Earth Magic
 24430 | Lair:5   | Found a staircase to the Slime Pits.
 25050 | Lair:5   | HP: 3/124 [acid (12)]
 25053 | Lair:5   | Splashed by an oklob plant's acid

Illustrated notes

Levels and vault maps discovered:
D:1:      minmay_arrival_doors, layout_rooms, hex_medium, cheibriados_altar_1
D:2:      layout_loops_ring, uniq_terence
D:3:      layout_basic, old_standard_altar
D:4:      layout_loops_ring, minmay_temple_entry_grid, serial_rivers,
          chequers_serial_rivers_small_b, chequers_serial_rivers_room_b,
          chequers_serial_rivers_micro_b, chequers_serial_rivers_marsh,
          chequers_serial_rivers_room_b
D:5:      layout_basic, water_maze_lemuel, uniq_pikel
D:6:      layout_basic, serial_shops, shop_fountains, palyth_stone_intersect,
          uniq_eustachio
D:7:      layout_loops_ring, nicolae_tso_besieged_by_evil
D:8:      layout_basic, introduction_to_nature_2, uniq_harold
D:9:      layout_roguey, uniq_erolcha
D:10:     layout_rooms, serial_curves, eino_curves_03, eino_curves_04,
          eino_curves_04, eino_curves_03, hangedman_minor_magic, uniq_nergalle
D:11:     layout_big_octagon, lair_entry_dummy, david_orc_4, serial_shops, shop,
          uniq_fannar, uniq_erica, uniq_snorg
D:12:     layout_long_grid, drop_trap, xom_teletrap_fun, uniq_rupert, uniq_kirke
Temple:   compressed_dpeg_triangle_lava_temple
Lair:1:   cheibrodos_lair_river_kwai, layout_long_grid,
          portal_ice_cave_demonic_guard, minivault_24,
          chequers_serial_rivers_micro_c, st_stairs_7
Lair:2:   layout_cave_pods, serial_bayou_lagoon_a, cheibrodos_lair_lostbears
Lair:3:   layout_cave_pods, nicolae_swamp_entry_splash_gauntlet,
          serial_bayou_pond_c
Lair:4:   layout_hall_layers, minmay_snake_entry_guardpost_small,
          nicolae_volcano_entry_two_sided, infiniplex_staircase_pool
Lair:5:   nzn_winding_woodlands_huge [nzn_winding_woodlands_5x15_river_crossing,
          nzn_winding_woodlands_5x15_pathside_ponds,
          nzn_winding_woodlands_5x15_sawtooth,
          nzn_winding_woodlands_5x15_split_checker,
          nzn_winding_woodlands_5x15_sidewinder,
          nzn_winding_woodlands_5x15_jagged, nzn_winding_woodlands_5x15_pool,
          nzn_winding_woodlands_5x15_default, nzn_winding_woodlands_5x15_twine,
          nzn_winding_woodlands_5x15_default,
          nzn_winding_woodlands_center_garden,
          nzn_winding_woodlands_center_lodge,
          nzn_winding_woodlands_15x15_eel_pit], layout_regular_city,
          minmay_slime_entry_oklob_open, lemuel_old_faithful
Swamp:1:  layout_basic_swamp, evilmike_swamp_ruin_rubble_2

Skill      XL: |  1  2  3  4  5  6  7  8  9 10 11 12 13 14 15 |
---------------+----------------------------------------------+-----
Fighting       | 2 3 4 5 6 7 8 9 10 11 | 11.4
Transmutations | 3 4 5 6 7 8 9 10 11 | 11.5
Dodging        | 3 4 5 6 7 8 9 10 11 | 11.4
Unarmed Combat | 4 5 6 7 8 9 10 11 | 11.7
Spellcasting   | 3 4 5 6 7 |  7.9
Shields        | 1 3 5 7 8 9 10 | 10.4
Earth Magic    | 2 4 5 |  5.3

Action                   |  1- 3 |  4- 6 |  7- 9 | 10-12 | 13-15 || total
-------------------------+-------+-------+-------+-------+-------++-------
Melee: Unarmed           |    77 |   156 |    63 |    86 |   669 ||  1051
       Constrict         |    24 |    34 |    43 |    87 |    18 ||   206
       Tentacles         |    10 |    18 |    42 |   178 |    41 ||   289
       Kick              |    16 |    38 |     8 |     6 |       ||    68
       Punch             |       |     1 |    13 |    40 |    18 ||    72
       Whip              |       |       |   172 |   430 |    30 ||   632
       War axe           |       |       |       |       |     1 ||     1
 Cast: Beastly Appendage |    15 |    30 |     6 |     4 |     2 ||    57
       Spider Form       |       |     1 |     4 |    11 |    22 ||    38
       Ice Form          |       |       |       |       |    53 ||    53
       Statue Form       |       |       |       |       |     7 ||     7
Invok: Call Merchant     |       |       |       |       |     3 ||     3
Evoke: Wand              |       |       |       |     1 |       ||     1
  Use: Scroll            |       |       |     6 |     7 |    10 ||    23
       Potion            |       |       |       |       |     1 ||     1
 Stab: Sleeping          |     4 |     5 |     7 |    11 |     4 ||    31
       Distracted        |       |       |     1 |     7 |     9 ||    17
Armor: Skin              |     9 |    29 |    41 |    58 |   119 ||   256
Dodge: Dodged            |    58 |    83 |   147 |   414 |   745 ||  1447
Block: Kite shield       |       |       |    51 |   241 |    68 ||   360
